 Dungeon Crawl Stone Soup version 0.30-a0-469-g84de5afbc5 (webtiles) character file.

Game seed: 15751274624274892391

1727 Zonian the Frost Mage (level 9, -3/39 HPs)
             Began as a Vine Stalker Ice Elementalist on Dec 19, 2022.
             Was an Initiate of Gozag.
             Slain by an ice beast (8 damage)
             ... on level 7 of the Dungeon.
             The game lasted 00:16:18 (9439 turns).

Zonian the Frost Mage (VSIE)                        Turns: 9439, Time: 00:16:20

Health: -3/39      AC:  5    Str: 12    XL:     9   Next: 5%
Magic:  0/20       EV: 12    Int: 19    God:    Gozag
Gold:   72         SH:  0    Dex: 14    Spells: 12/22 levels left

rFire   . . .      SeeInvis +    r - +1 short sword (drain)
rCold   . . .      Faith    .    (no shield)
rNeg    . . .      Spirit   +    a - +0 robe
rPois   +          Reflect  .    m - +0 helmet
rElec   .          Harm     .    y - +0 cloak
rCorr   .          Rampage  .    (no gloves)
Will    +....                    p - +0 pair of boots
Stlth   +++.......               (no amulet)
HPRegen 1.06/turn                s - ring of poison resistance
MPRegen 0.17/turn                x - ring of see invisible

@: no status effects
A: fangs 3, regeneration 1, magic shield, antimagic bite, no potion heal 2
a: Renounce Religion, Potion Petition, Call Merchant, Bribe Branch


You were on level 7 of the Dungeon.
You worshipped Gozag.
Gozag was noncommittal.
You visited 2 branches of the dungeon, and saw 8 of its levels.
You also visited: Bailey.

You collected 511 gold pieces.
You paid 439 gold pieces to Gozag.

Inventory:

Hand Weapons
 h - a +0 sling
 k - a +0 dagger
 n - a +0 spear of freezing
 r - a +1 short sword of draining (weapon)
 u - a +0 war axe
Missiles
 d - 2 curare-tipped darts
 w - 5 poisoned darts
Armour
 a - a +0 robe (worn)
 m - a +0 helmet (worn)
 p - a +0 pair of boots (worn)
 y - a +0 cloak (worn)
Jewellery
 s - a ring of poison resistance (left hand)
 x - a ring of see invisible (right hand)
Scrolls
 g - a scroll of amnesia
 l - 2 scrolls of teleportation
 v - a scroll of silence {unknown}
 A - a scroll of identify
 B - a scroll of immolation {unknown}
Potions
 b - 2 potions of ambrosia
 c - a potion of mutation {unknown}
 e - 2 potions of brilliance {unknown}
 f - a potion of might
 i - 2 potions of haste
 j - 6 potions of curing {unknown}
 o - 3 potions of heal wounds
 q - a potion of degeneration {unknown}
 t - a potion of berserk rage {unknown}
 z - a potion of cancellation {unknown}
 C - a potion of flight {unknown}


   Skills:
 - Level 2.6 Dodging
 - Level 4.1 Stealth
 + Level 7.3 Spellcasting
 + Level 3.6 Conjurations
 + Level 8.0 Ice Magic


You had 12 spell levels left.
You knew the following spells:

 Your Spells              Type           Power      Damage    Failure   Level
a - Freeze                Ice            100%       1d10      1%          1
b - Frozen Ramparts       Ice            74%        1d12      1%          3
c - Ozocubu's Armour      Ice            37%        N/A       1%          3
d - Hailstorm             Conj/Ice       29%        3d8       2%          3

Your spell library contained the following spells:

 Spells                   Type           Power      Damage    Failure   Level
 Ice Form                 Ice/Tmut       22%        N/A       19%         4
 Summon Ice Beast         Ice/Summ       22%        N/A       19%         4
 Gell's Gravitas          Tloc           6%         N/A       30%         3
 Teleport Other           Tloc           6%         N/A       30%         3
 Dispersal                Tloc           3%         N/A       100%        6
 Simulacrum               Ice/Necr       Unusable   N/A       N/A         6

Dungeon Overview and Level Annotations

Branches:
Dungeon (7/15)             Temple (1/1) D:5          Bailey (visited)

Altars:
Dithmenos
Elyvilon
Fedhas
Gozag
Hepliaklqana
Kikubaaqudgha
Nemelex Xobeh
Okawaru
Qazlal
Ru
Vehumet
Yredelemnul
Zin
The Shining One

Shops:
D:1 =

Annotations:
D:7 Menkaure


Innate Abilities, Weirdness & Mutations

You have razor-sharp teeth.
Your natural rate of healing is unusually fast.
When hurt, damage is shared between your health and your magic reserves.
Your bite disrupts and absorbs the magic of your enemies.
Potions cannot restore your health.


Message History

You hit the ice beast but do no damage. Your bite misses the ice beast.
The ice beast is moderately wounded.
The ice beast closely misses you.
You barely miss the ice beast. Your bite misses the ice beast.
The ice beast is moderately wounded.
The ice beast hits you. The ice beast freezes you!
You barely miss the ice beast.
The ice beast is moderately wounded.
The ice beast hits you but does no damage.
You hit the ice beast but do no damage.
The ice beast is moderately wounded.
The ice beast hits you. The ice beast freezes you.
You barely miss the ice beast.
You bite the ice beast, but do no damage.
The ice beast is moderately wounded.
The ice beast barely misses you.
You closely miss the ice beast. You bite the ice beast. You drain its power.
You feel invigorated.
The ice beast is heavily wounded.
The ice beast hits you but does no damage.
You closely miss the ice beast. Your punch misses the ice beast.
The ice beast is heavily wounded.
The ice beast hits you. The ice beast freezes you!
* * * LOW HITPOINT WARNING * * *
You hit the ice beast but do no damage.
The ice beast is heavily wounded.
The ice beast hits you.
* * * LOW HITPOINT WARNING * * *
The ice beast freezes you.
* * * LOW HITPOINT WARNING * * *
Okay, then.
Okay, then.
You barely miss the ice beast. You bite the ice beast. You drain its power.
You feel invigorated.
The ice beast is heavily wounded.
The ice beast hits you.
* * * LOW HITPOINT WARNING * * *
The ice beast freezes you!
You die...
Your body crumbles into a pile of gold.

...♣ ♣....# ...♣#
#♣....######......
#...♣♣♣................<
#.......................
#...#.......[...........
#...#...................
#...#...................
#...#.......>...Y.......
#...'...........@.......
....#.....#######.......
#####.....# ####+##
..........# ..........#
..........# ..........#
..........# ..........#


You could see an ice beast.

Vanquished Creatures
  A black bear (D:4)
  2 sky beasts (D:6)
  An ogre (D:5)
  2 centaurs
  2 phantoms
  A bullfrog (D:6)
  6 scorpions
  A necrophage (D:6)
  A jelly (D:5)
  2 gnoll boudas
  3 hounds
  2 orc priests
  2 iguanas
  2 orc wizards
  8 adders
  6 gnolls
  An ufetubus (D:4)
  3 worms
  A dart slug (D:1)
  17 orcs
  10 endoplasms
  A giant cockroach (D:1)
  4 goblins
  6 hobgoblins
  4 jackals (D:2)
  5 kobolds
  10 quokkas
  7 ball pythons
  5 bats
  5 frilled lizards
  4 rats
125 creatures vanquished.

Vanquished Creatures (others)
  A plant (D:7)
  4 withered plants (D:4)
5 creatures vanquished.

Grand Total: 130 creatures vanquished

Notes
Turn   | Place    | Note
-------+----------+-------------------------------------------
     0 | D:1      | Zonian the Vine Stalker Ice Elementalist began the quest
                  | for the Orb.
     0 | D:1      | Reached XP level 1. HP: 9/9 MP: 4/4
    71 | D:1      | Found Qoinkomm's Jewellery Emporium.
   104 | D:1      | Reached XP level 2. HP: 9/13 MP: 0/6
   696 | D:1      | Found a faded altar of an unknown god.
   771 | D:1      | Reached XP level 3. HP: 11/16 MP: 3/7
  1684 | D:2      | Gained mutation: Your natural rate of healing is unusually
                  | fast. [Vine Stalker growth]
  1684 | D:2      | Reached XP level 4. HP: 20/21 MP: 5/9
  2242 | D:2      | Learned a level 3 spell: Frozen Ramparts
  2246 | D:2      | Learned a level 3 spell: Ozocubu's Armour
  2596 | D:3      | You fall into a shaft and drop 1 floor!
  2607 | D:4      | Noticed a black bear
  2631 | D:4      | Killed a black bear
  2632 | D:4      | Reached XP level 5. HP: 14/24 MP: 7/11
  3493 | D:3      | Reached skill level 5 in Ice Magic
  3493 | D:3      | Reached XP level 6. HP: 28/28 MP: 8/12
  4787 | D:4      | Found an ancient bone altar of Kikubaaqudgha.
  5048 | D:5      | Entered Level 5 of the Dungeon
  5106 | D:5      | Reached XP level 7. HP: 32/32 MP: 14/14
  5383 | D:5      | Reached skill level 6 in Ice Magic
  5537 | D:5      | Reached skill level 5 in Spellcasting
  5694 | D:5      | Found a staircase to the Ecumenical Temple.
  5706 | Temple   | Entered the Ecumenical Temple
  5901 | Temple   | Became a worshipper of Gozag Ym Sagoz the Greedy
  6393 | D:5      | Gained mutation: You have razor-sharp teeth. [Vine Stalker
                  | growth]
  6393 | D:5      | Reached XP level 8. HP: 27/36 MP: 13/18
  6580 | D:5      | Reached skill level 7 in Ice Magic
  6949 | D:5      | Learned a level 3 spell: Hailstorm
  7212 | D:6      | Reached skill level 1 in Conjurations
  8507 | D:6      | Found a white marble altar of Elyvilon.
  8653 | D:7      | Found a flagged portal.
  8662 | Bailey   | Entered a bailey
  9167 | D:7      | Reached skill level 8 in Ice Magic
  9167 | D:7      | Reached XP level 9. HP: 32/39 MP: 17/20
  9383 | D:7      | Noticed Menkaure
  9439 | D:7      | Slain by an ice beast

Illustrated notes

Levels and vault maps discovered:
D:1:      mrwooster_arrival_statue_2, layout_rooms, serial_shops, shop,
          ebering_ecumenical_altar_hall, palyth_stone_intersect
D:2:      layout_basic
D:3:      layout_loops_ring
D:4:      layout_basic, kiku_gazebo_garden_becter
D:5:      layout_basic, minmay_temple_entry_mini_moons, serial_co_window_serial,
          co_window_of_opportunity_a, co_window_paths_b, co_window_paths_a,
          co_window_of_opportunity_a, co_window_cross_1,
          co_window_unsneaky_path_a, co_window_corner_cb, co_window_paths_c,
          co_window_corner_cb, co_window_cross_4, co_window_2corner,
          co_window_broadway_a, co_window_4corner_b, glass_columns_c
D:6:      layout_basic, elyvilon_altar_1
D:7:      layout_gridville, nicolae_overflow_hidden_temple, enter_bailey_2,
          serial_bayou, serial_bayou_shore_a, serial_bayou_crossing,
          serial_bayou_pond_b, serial_bayou_pond_e, minmay_misc_feat_nine_boxes,
          minmay_stone_trees_small, chequers_serial_rivers_micro_e,
          uniq_menkaure, uniq_crazy_yiuf_cottage
Temple:   hellmonk_temple_flake

Skill      XL: |  1  2  3  4  5  6  7  8 |
---------------+-------------------------+-----
Stealth        | 3 4 |  4.1
Dodging        | 2 |  2.6
Spellcasting   | 3 4 6 7 |  7.3
Ice Magic      | 5 6 8 |  8.0
Conjurations   | 3 |  3.6

Action                   |  1- 3 |  4- 6 |  7- 9 || total
-------------------------+-------+-------+-------++-------
Melee: Unarmed           |    15 |       |       ||    15
       Bite              |     9 |    29 |    51 ||    89
       Dagger            |    19 |    23 |       ||    42
       Short sword       |       |    76 |   168 ||   244
       Punch             |       |     1 |     2 ||     3
 Cast: Freeze            |    44 |    51 |    22 ||   117
       Frozen Ramparts   |       |     2 |     8 ||    10
       Hailstorm         |       |       |     2 ||     2
Invok: Potion Petition   |       |       |     1 ||     1
  Use: Scroll            |       |     6 |     4 ||    10
       Potion            |       |     2 |       ||     2
 Stab: Sleeping          |     4 |     8 |     9 ||    21
Armor: Robe              |    11 |    22 |    50 ||    83
Dodge: Dodged            |    45 |    88 |   122 ||   255

Table legend: (Time is in decaauts)
 A = Elapsed time spent in this place.
 B = Non-inter-level travel time spent in this place.
 C = Inter-level travel time spent in this place.
 D = Time resting spent in this place.
 E = Time spent auto-exploring this place.
 F = Levels seen in this place.
 G = Mean time per level.
                   A        B        C        D        E       F      G
               +--------+--------+--------+--------+--------+-----+--------+
         Total |   9408 |   9189 |    219 |   3458 |   4114 |   9 | 1045.3 |
       Dungeon |   9177 |   8958 |    219 |   3458 |   3968 |   7 | 1311.0 |
        Temple |    207 |    207 |      0 |      0 |    146 |   1 |  207.0 |
        Bailey |     23 |     23 |      0 |      0 |      0 |   1 |   23.0 |
               +--------+--------+--------+--------+--------+-----+--------+

Top non-repeatable levels by time:
     D:5: 1866 daAuts
     D:6: 1729 daAuts
     D:2: 1526 daAuts
     D:4: 1471 daAuts
     D:1: 1068 daAuts
     D:3: 964 daAuts
     D:7: 550 daAuts
  Temple: 207 daAuts
  Bailey: 23 daAuts
